[Event "Chinese League Division-A 2024"]
[Site "Fuling Chongqing"]
[Date "2024.07.06"]
[Round "9.1"]
[White "Wang, Hao"]
[Black "Yu, Yangyi"]
[Result "1/2-1/2"]
[ECO "C42"]
[WhiteElo "2702"]
[BlackElo "2715"]
[Annotator "TA"]
[PlyCount "68"]
[EventDate "2024.06.28"]
[EventType "team-tourn"]
[EventCountry "CHN"]
[SourceTitle "playchess.com"]
[Source "ChessBase"]
[SourceQuality "1"]
[TimeControl "40/5400+30:1800+30"]

1. e4 e5 2. Nf3 Nf6 3. Nxe5 d6 4. Nf3 Nxe4 5. d4 d5 6. Bd3 Bf5 7. O-O Be7 8. Re1 O-O 9. c4 Nc6 10. cxd5 Qxd5 11. Bxe4 Bxe4 {[%emt 0:00:08] The position is equal.} 12. Nc3 Bxf3 {[%emt 0:00:13] A strong pair of Bishops.} 13. Nxd5 Bxd1 14. Nxe7+ Nxe7 15. Rxe7 Rfe8 16. Rxe8+ Rxe8 $11 {[%emt 0:00:04][%mdl 4096] Endgame. KRB-KRB} 17. Be3 Bg4 18. d5 a6 19. Rc1 Rc8 20. Bf4 c6 21. dxc6 Rxc6 22. Rxc6 bxc6 {[%emt 0:00:02] KB-KB} 23. f3 Be6 24. a3 f6 25. Kf2 Kf7 26. h4 h5 27. Ke3 a5 28. a4 Bb3 29. Bc7 Bxa4 30. Bxa5 Bb5 31. Kf2 Ba6 32. Ke3 Bb5 33. Kf2 Ba6 34. Ke3 Bb5 {[%emt 0:00:05] Weighted Error Value: White=0.04 (flawless) /Black=0.02 (flawless) .  Inaccurate:     	White=1     	---        OK:         	White=10    	Black=10     Best:        	White=1     	Black=1} 1/2-1/2

[Event "Chinese League Division-A 2024"]
[Site "Fuling Chongqing"]
[Date "2024.07.06"]
[Round "9.2"]
[White "Li, Chao b"]
[Black "Zhao, Jun"]
[Result "1/2-1/2"]
[ECO "C67"]
[WhiteElo "2645"]
[BlackElo "2538"]
[Annotator "RC"]
[PlyCount "54"]
[EventDate "2024.06.28"]
[EventType "team-tourn"]
[EventCountry "CHN"]
[SourceTitle "playchess.com"]
[Source "ChessBase"]
[SourceQuality "1"]
[TimeControl "40/5400+30:1800+30"]

1. e4 e5 2. Nf3 Nc6 3. Bb5 Nf6 4. O-O Nxe4 5. d4 Nd6 6. Bxc6 dxc6 7. dxe5 Nf5 8. Qxd8+ Kxd8 9. h3 Bd7 10. Nc3 h6 11. Rd1 Kc8 12. Ne2 Be7 13. g4 Nh4 14. Nxh4 Bxh4 15. Bf4 Rd8 16. Ng3 g5 17. Be3 Bxg3 18. fxg3 b6 19. Kf2 Be6 20. Rxd8+ Kxd8 21. Rd1+ Ke7 22. a3 Rd8 23. Rxd8 Kxd8 24. Kf3 Bd5+ 25. Kf2 Be6 26. Kf3 Bd5+ 27. Kf2 Be6 1/2-1/2

[Event "Chinese League Division-A 2024"]
[Site "Fuling Chongqing"]
[Date "2024.07.06"]
[Round "9.3"]
[White "Zhou, Weiqi"]
[Black "Xiu, Deshun"]
[Result "1-0"]
[ECO "A07"]
[WhiteElo "2599"]
[BlackElo "2514"]
[Annotator "TA"]
[PlyCount "129"]
[EventDate "2024.06.28"]
[EventType "team-tourn"]
[EventCountry "CHN"]
[SourceTitle "playchess.com"]
[Source "ChessBase"]
[SourceQuality "1"]
[TimeControl "40/5400+30:1800+30"]

1. Nf3 d5 2. g3 g6 3. Bg2 Bg7 4. O-O e5 5. d3 Ne7 6. e4 O-O 7. b4 d4 8. c3 dxc3 9. Nxc3 Bg4 10. b5 a6 11. a4 axb5 12. Nxb5 c6 13. Nc3 c5 14. Be3 Nd7 15. Qb1 b6 16. Nd2 Nc6 17. Nd5 Be6 18. Nc4 Rb8 19. Qb5 Na7 20. Qa6 Nc6 21. Rab1 Bxd5 22. exd5 Nb4 23. Qb5 f5 24. d6 Nxd3 25. Bc6 Nf6 26. Qb3 e4 27. Ne5+ Kh8 28. Nxd3 exd3 29. Qxd3 Ng4 30. d7 Nxe3 31. fxe3 (31. Qxe3 $18 {and White stays clearly on top. Threatens to win with Qf3.} f4 32. Qe6 (32. gxf4 Qc7 $16)) 31... Be5 $16 32. Qd5 (32. Rfd1 $5 Kg7 33. Qc4 $16) 32... Qe7 $1 33. Rf3 Bc7 (33... Kg7 $1 $11) 34. Bb5 $14 Rf6 35. Qb3 ({White should try} 35. e4 $16) 35... h5 36. Rd1 Kh7 37. e4 fxe4 (37... f4 $1 $11 {keeps the balance.}) 38. Rxf6 $16 Qxf6 {[%emt 0:00:01] [#]} 39. Qe3 (39. Rf1 $1 $16 Qd4+ 40. Kg2) 39... Qf3 $2 (39... Rf8 $14) 40. Re1 $18 Rf8 41. Qxe4 ({Only move:} 41. Qxf3 $18 exf3 42. Re7+ Kh6 43. Kf2) 41... Qxe4 $2 (41... Qf2+ $14 42. Kh1 Bd8) 42. Rxe4 $18 Bd8 $2 (42... g5 43. Re8 Kg7) 43. h4 Kg7 44. Kg2 $2 (44. Re8) 44... Rf6 $2 (44... g5 45. g4 Rf4 46. Rxf4 gxf4) 45. Re8 $18 Rf8 46. Bd3 g5 (46... Rh8 $142 47. Bxg6 c4) 47. hxg5 $2 (47. g4) 47... Bxg5 $18 48. Re5 Bf6 49. Rxh5 Kf7 (49... Bd8 $16 50. Rh7+ Kf6) 50. Rd5 (50. Bb5 $18) 50... Ke7 (50... Ke6 $16 {is a better defense.} 51. Bc4 Bd8 52. Rd1+ (52. Rxc5+ Kxd7 53. Rd5+ Kc6 $14) 52... Ke7) 51. Bb5 Rd8 52. Rf5 Ke6 53. Rf1 Be7 54. Rd1 Bg5 (54... Rf8 {was worth a try.} 55. g4 Ke5) 55. Kf3 Ke5 56. Re1+ Kd6 57. Re8 Kc7 $2 (57... Be7 58. g4 c4) 58. Ke4 $2 (58. Kg4) 58... Bf6 $2 (58... Kd6 59. Kf5 Be7) 59. Kd5 $18 Bg5 60. g4 Bh4 61. Ke6 Bg5 62. Kf5 Bc1 63. g5 Bb2 64. Ke6 c4 65. Rxd8 1-0

[Event "Chinese League Division-A 2024"]
[Site "Fuling Chongqing"]
[Date "2024.07.06"]
[Round "9.4"]
[White "Li, Ruofan"]
[Black "Song, Yuxin"]
[Result "1/2-1/2"]
[ECO "E15"]
[WhiteElo "2321"]
[BlackElo "2383"]
[Annotator "TA"]
[PlyCount "67"]
[EventDate "2024.06.28"]
[EventType "team-tourn"]
[EventCountry "CHN"]
[SourceTitle "playchess.com"]
[Source "ChessBase"]
[SourceQuality "1"]
[TimeControl "40/5400+30:1800+30"]

1. d4 Nf6 2. c4 e6 3. Nf3 b6 4. g3 Ba6 5. b3 Bb4+ 6. Bd2 Be7 7. Bg2 O-O 8. O-O d5 9. Ne5 c5 10. cxd5 exd5 11. dxc5 bxc5 12. Nc3 Bb7 13. Rc1 Na6 14. Bg5 Ne4 (14... Rb8 $14) 15. Nxe4 (15. Bxe7 {is interesting.} Qxe7 16. Nxe4 dxe4 17. Qd7) 15... Bxg5 16. Nxg5 {[%emt 0:02:06] White is better.} Qxg5 17. Bxd5 Rad8 $1 18. Bxf7+ (18. Bxb7 {simplifies} Rxd1 19. Rfxd1 Qxe5 20. Bxa6 g6 21. e3) 18... Kh8 19. f4 $1 Qf6 20. Qc2 {[%emt 0:04:11] [#] Threatens to win with Rfd1.} Rxf7 21. Nxf7+ Qxf7 22. e4 {[%emt 0:06:05] Repels Qd5} (22. Qc4 $14 Qe7 23. Rfd1) 22... Re8 $132 {[%emt 0:03:43][%mdl 2048] Black is not keeping still} 23. Rfe1 Nb4 24. Qxc5 Nd3 (24... Nxa2 $2 25. Qc7 (25. Rc4 Bd5 $18) 25... Re7 (25... Qxb3 $2 26. Rb1 $18) 26. Qd8+ Re8 27. Rc7 Rxd8 (27... Qg6 $2 28. Qd4 $18) 28. Rxf7 $18) 25. Qc7 Qf6 {[%emt 0:01:21] ( -> ...Qd4+)} (25... Qxc7 26. Rxc7 Nxe1 27. Rxb7) 26. Qxb7 Qb2 $1 27. Rf1 {[%emt 0:03:51] Wards off Qf2+} Nxc1 $17 28. Qxa7 Nxa2 29. Qa4 {[%emt 0:00:48] [#]} (29. Qd7 $15 Rg8 (29... Rxe4 30. Qd8+) 30. f5) 29... Rb8 ({Black should try} 29... Rd8 $1 $17 {White must now prevent ...Nc3.} 30. Qc4 Nc3) 30. e5 Nc3 ({But not} 30... Qxb3 31. Qxb3 Rxb3 32. Rd1 $15) 31. Qc4 Qd2 {[%emt 0:06:37] Strongly threatening ...Nd1.} 32. Rf2 Qe1+ 33. Kg2 {[%emt 0:00:00] And now Rc2 would win.} Rd8 34. Rc2 {[%emt 0:00:00] Weighted Error Value: White=0.18 (very precise) /Black=0.13 (very precise) .  Mistake:       	White=3     	Black=2      Inaccurate:     	White=2     	Black=1      OK:         	White=4     	Black=5      Best:        	White=3     	Black=2      Strong:       	White=1     	Black=2} 1/2-1/2

[Event "Chinese League Division-A 2024"]
[Site "Fuling Chongqing"]
[Date "2024.07.06"]
[Round "9.5"]
[White "Li, Xueyi"]
[Black "Wang, Yu A."]
[Result "1/2-1/2"]
[ECO "E11"]
[WhiteElo "2209"]
[BlackElo "2234"]
[Annotator "TA"]
[PlyCount "60"]
[EventDate "2024.06.28"]
[EventType "team-tourn"]
[EventCountry "CHN"]
[SourceTitle "playchess.com"]
[Source "ChessBase"]
[SourceQuality "1"]
[TimeControl "40/5400+30:1800+30"]

1. d4 Nf6 2. c4 e6 3. Nf3 Bb4+ 4. Nbd2 c5 5. a3 Bxd2+ 6. Bxd2 cxd4 7. Nxd4 Nc6 8. Nb5 ({White should play} 8. Bf4 $14) 8... d5 $11 9. e3 a6 10. Nc3 dxc4 11. Bxc4 b5 12. Be2 Bb7 13. O-O O-O 14. Bf3 Qd3 15. Qe2 Rad8 {[%emt 0:08:03] [#] Strongly threatening ...Qxe2.} (15... Qg6 {simplifies} 16. Bxc6 Bxc6 17. f3 Nd7) 16. Rfd1 Qc2 17. Be1 Qxe2 18. Nxe2 (18. Bxe2 {simplifies} Rxd1 19. Rxd1 Rd8 20. Rxd8+ Nxd8 21. f3) 18... Rxd1 19. Rxd1 Rd8 {[%emt 0:00:14] Against Rd6} 20. Rc1 Nd5 21. Nc3 Ne5 22. Nxd5 Nxf3+ {[%emt 0:00:53] The position is equal.} 23. gxf3 {[%emt 0:00:05] [#] Black must now prevent Ba5.} Bxd5 {[%emt 0:00:45][%mdl 4096] Endgame. KRB-KRB} 24. Ba5 Re8 25. e4 Bc4 26. Kg2 e5 27. Rd1 h5 28. Rd6 Re6 29. Rxe6 Bxe6 30. Bc3 f6 {[%emt 0:00:05] Weighted Error Value: White=0.07 (flawless) /Black=0.06 (flawless) .  Inaccurate:     	---       	Black=1      OK:         	White=10    	Black=13     Best:        	---       	Black=1} 1/2-1/2

[Event "Chinese League Division-A 2024"]
[Site "Fuling Chongqing"]
[Date "2024.07.06"]
[Round "9.6"]
[White "Lu, Shanglei"]
[Black "Xu, Yinglun"]
[Result "1/2-1/2"]
[ECO "C02"]
[WhiteElo "2606"]
[BlackElo "2526"]
[Annotator "TA"]
[PlyCount "60"]
[EventDate "2024.06.28"]
[EventType "team-tourn"]
[EventCountry "CHN"]
[SourceTitle "playchess.com"]
[Source "ChessBase"]
[SourceQuality "1"]
[TimeControl "40/5400+30:1800+30"]

1. e4 e6 2. d4 d5 3. e5 c5 4. c3 Nc6 5. Nf3 Bd7 6. Be2 Nge7 7. Na3 cxd4 8. cxd4 Nf5 9. Nc2 Be7 10. Bd2 a5 11. O-O O-O 12. g4 {[%emt 0:15:34] White has an edge.} Nh4 13. Nxh4 Bxh4 14. f4 f6 15. Bd3 g5 (15... fxe5 {is more complex.} 16. fxe5 Qb6 17. Be3 Rxf1+ 18. Qxf1 Be7) 16. Qe2 gxf4 17. Bxf4 {[%emt 0:00:56] [#] exf6 would now be deadly.} fxe5 18. Bxe5 Nxe5 19. Qxe5 Qg5 20. Qxg5+ Bxg5 21. Kg2 h6 22. h3 Rxf1 23. Rxf1 Rf8 24. Rxf8+ Kxf8 $11 {[%emt 0:00:05][%mdl 4096] Endgame. KBB-KBN} 25. Ne1 Bf4 26. Kf3 Bc1 27. b3 {[%emt 0:00:04] The position is equal.} Bd2 28. Ke2 Bf4 29. Kf3 Bd2 30. Ke2 Bf4 {[%emt 0:00:39] Weighted Error Value: White=0.08 (flawless) /Black=0.11 (very precise) .  Inaccurate:     	White=2     	Black=2      OK:         	White=9     	Black=2      Best:        	White=1     	Black=2} 1/2-1/2

[Event "Chinese League Division-A 2024"]
[Site "Fuling Chongqing"]
[Date "2024.07.06"]
[Round "9.7"]
[White "Xie, Kaifan"]
[Black "Xu, Minghui"]
[Result "1/2-1/2"]
[ECO "D41"]
[WhiteElo "2376"]
[BlackElo "2388"]
[Annotator "TA"]
[PlyCount "60"]
[EventDate "2024.06.28"]
[EventType "team-tourn"]
[EventCountry "CHN"]
[SourceTitle "playchess.com"]
[Source "ChessBase"]
[SourceQuality "1"]
[TimeControl "40/5400+30:1800+30"]

1. d4 d5 2. c4 e6 3. Nf3 Nf6 4. Nc3 c5 5. cxd5 cxd4 6. Qa4+ Bd7 7. Qxd4 exd5 8. Nxd5 {[%emt 0:02:33] [#] Hoping for Qe5+.} Qa5+ 9. Nc3 Nc6 {[%emt 0:00:07] Repels Qe5+} 10. Qd1 Ne4 11. Bd2 Nxd2 12. Nxd2 Bb4 {[%emt 0:00:07] The position is equal.} 13. Rc1 Bxc3 14. Rxc3 Qxa2 15. Nc4 {[%emt 0:01:48] aiming for e4.} Be6 16. e4 ({Resist} 16. Nd6+ Kf8 17. Qd2 (17. Nxb7 Qxb2 18. Qd6+ Ne7 $11) 17... Qa1+ 18. Rc1 Qa5 19. Qxa5 (19. Nxb7 Qxd2+ 20. Kxd2 Rb8 $11) 19... Nxa5) 16... Rd8 17. Nd6+ Kf8 $1 {[%emt 0:00:05] [#]} 18. Qc1 Qa4 $1 $132 {[%emt 0:00:07][%mdl 2048] Black is not keeping still} (18... Rxd6 $2 {perishes.} 19. Ra3 $18) 19. Nxb7 Qxe4+ 20. Qe3 Qxe3+ 21. fxe3 Rb8 22. Nc5 {[%emt 0:03:03] Black must now prevent Nxe6+.} Nd8 23. Bd3 g6 24. O-O Kg7 25. Ra3 Rxb2 26. Nxe6+ Nxe6 27. Rxa7 Rf8 28. Bc4 Rb6 29. Re7 Nd8 30. Rd7 Rb7 {[%emt 0:05:55] An uneventful encounter.   Weighted Error Value: White=0.02 (flawless) /Black=0.00 (flawless) .  OK:         	White=10    	Black=16     Best:        	White=3     	Black=4      Strong:       	---       	Black=2} 1/2-1/2

[Event "Chinese League Division-A 2024"]
[Site "Fuling Chongqing"]
[Date "2024.07.06"]
[Round "9.8"]
[White "Chen, Zhi"]
[Black "Wu, Yixing"]
[Result "1-0"]
[ECO "A50"]
[WhiteElo "2164"]
[BlackElo "2326"]
[Annotator "RC"]
[PlyCount "89"]
[EventDate "2024.06.28"]
[EventType "team-tourn"]
[EventCountry "CHN"]
[SourceTitle "playchess.com"]
[Source "ChessBase"]
[SourceQuality "1"]
[TimeControl "40/5400+30:1800+30"]

1. d4 Nf6 2. c4 e6 3. Bf4 b6 4. a3 Bb7 5. Nc3 d6 6. Nf3 Be7 7. Qc2 O-O 8. e4 c5 9. d5 exd5 10. exd5 Re8 11. O-O-O a6 12. Bd3 b5 13. cxb5 Qa5 14. Rhe1 Nbd7 15. Ng5 g6 16. Nge4 Qb6 17. bxa6 Bxa6 18. Bxa6 Qxa6 19. Nxf6+ Bxf6 20. Ne4 Rxe4 21. Rxe4 Rb8 22. Qa4 Qb7 23. b3 c4 24. Rxc4 Nb6 25. Qb4 Nxc4 26. Qxb7 Bb2+ 27. Kc2 Rxb7 28. bxc4 Bxa3 29. Rb1 Re7 30. Kd3 Rd7 31. Be3 Kf8 32. Rb3 Bc5 33. Bxc5 dxc5 34. Rb6 Ra7 35. Rc6 Ra2 36. Ke3 Ra3+ 37. Ke4 Ra2 38. d6 Ke8 39. Kd5 Rxf2 40. Rc8+ Kd7 41. Rc7+ Kd8 42. Kc6 Ra2 43. Rxf7 Ra6+ 44. Kxc5 h5 45. Kd5 1-0

[Event "Chinese League Division-A 2024"]
[Site "Fuling Chongqing"]
[Date "2024.07.06"]
[Round "9.9"]
[White "Wang, Qinxuanyi"]
[Black "Zhu, Jiner"]
[Result "0-1"]
[ECO "D39"]
[WhiteElo "2149"]
[BlackElo "2476"]
[Annotator "TA"]
[PlyCount "58"]
[EventDate "2024.06.28"]
[EventType "team-tourn"]
[EventCountry "CHN"]
[SourceTitle "playchess.com"]
[Source "ChessBase"]
[SourceQuality "1"]
[TimeControl "40/5400+30:1800+30"]

1. d4 Nf6 2. c4 e6 3. Nf3 d5 4. Nc3 Bb4 5. Bg5 dxc4 6. e4 b5 7. e5 h6 $1 8. Bh4 g5 $1 9. Nxg5 $1 {[%emt 0:00:05] The position is equal.} hxg5 10. Bxg5 Nbd7 11. exf6 (11. a3 $5 Bxc3+ 12. bxc3 $11) 11... Bb7 12. Qc2 Nb6 {[%emt 0:03:27][%mdl 1024] Black has compensation.} 13. O-O-O Qd7 14. h4 a5 15. Rh3 Bd6 16. g4 b4 17. Ne4 {[%emt 0:01:41] Hoping for Nc5.} Bd5 18. Bg2 Qc6 19. Re3 (19. Kd2 $11 {remains equal.}) 19... O-O-O ({Better is} 19... a4 $1 $17 {[%cal Oc4c3] Threatens to win with ...c3!} 20. Rh3 c3) 20. f4 $2 {[%emt 0:09:45] [#] Now White is beyond hope.} (20. Kb1 $11 {and White is okay.}) 20... a4 $1 $19 {[%emt 0:03:18] White must now prevent ...b3.} 21. f5 {[%emt 0:02:57] [#]} (21. Nxd6+ Rxd6 22. Bf1 b3 23. axb3 axb3 $19) 21... b3 $1 22. axb3 axb3 23. Qb1 (23. Rxb3 cxb3 24. Qxc6 Bxc6 25. fxe6 fxe6 26. f7) 23... exf5 {[%emt 0:00:26] Black is clearly winning.} (23... Bb4 $2 24. fxe6 Bxe6 (24... Qxe6 $2 {too greedy.} 25. Nc5 $18) 25. Bf3 $19) 24. Nxd6+ Rxd6 25. Qxf5+ Kb7 26. Bf1 Ra8 27. h5 Be6 28. Qe4 Nd5 29. Bg2 Ra1+ {[%emt 0:00:18] Weighted Error Value: White=0.77/Black=0.18 (very precise) .  Loses game:     	White=1     	---        Mistake:       	White=2     	Black=1      Inaccurate:     	White=4     	Black=3      OK:         	White=7     	Black=4      Best:        	---       	Black=2      Strong:       	White=1     	Black=4} 0-1

[Event "Chinese League Division-A 2024"]
[Site "Fuling Chongqing"]
[Date "2024.07.06"]
[Round "9.10"]
[White "Bai, Xue"]
[Black "Liu, Manli"]
[Result "1/2-1/2"]
[ECO "B47"]
[WhiteElo "2114"]
[BlackElo "2056"]
[Annotator "NA RC"]
[PlyCount "161"]
[EventDate "2024.06.28"]
[EventType "team-tourn"]
[EventCountry "CHN"]
[SourceTitle "playchess.com"]
[Source "ChessBase"]
[SourceQuality "1"]
[TimeControl "40/5400+30:1800+30"]

1. e4 c5 2. Nf3 e6 3. d4 cxd4 4. Nxd4 Nc6 5. Nc3 Qc7 6. g3 a6 7. Bg2 Nf6 8. O-O Nxd4 9. Qxd4 Bc5 10. Bf4 d6 11. Qd3 Ng4 {[%emt 0:00:39] B47: Sicilian: Taimanov: 5 Nc3 Qc7 6 f4, 6 g3 and 6 Be2.} 12. Na4 e5 13. Nxc5 exf4 14. Nb3 Ne5 15. Qe2 g5 16. Nd4 h5 17. Qd2 Rg8 (17... fxg3 $1 $11 18. hxg3 (18. fxg3 h4 $11) 18... Rg8) 18. gxf4 gxf4 19. Kh1 Rxg2 20. Kxg2 f3+ 21. Kh1 Bh3 22. Rg1 O-O-O 23. Rg3 Bg2+ 24. Rxg2 fxg2+ 25. Kxg2 d5 26. exd5 Qc4 27. Qc3 Rxd5 28. Re1 Qxc3 29. bxc3 Ng6 30. Nb3 Rg5+ 31. Kf1 h4 32. Re3 f5 (32... Kd7 $14) 33. Re8+ Kd7 34. Rg8 h3 35. Nd4 Rg2 36. Rg7+ Ke8 37. Nxf5 Kf8 38. Rh7 Rxh2 39. Ne3 Rh1+ 40. Ke2 Kg8 41. Rh6 Kf7 42. Kf3 Kg7 43. Nf5+ Kf7 44. Ng3 Rc1 45. Rxh3 Rxc2 46. Rh7+ Ke6 47. Ne4 Ne5+ 48. Ke3 Ng4+ 49. Kd4 Rxa2 50. f3 Nf2 51. Nc5+ Kf6 52. Rxb7 a5 53. Ra7 Nd1 54. Ne4+ Ke6 55. Ra6+ Kd7 56. f4 Nf2 57. Nc5+ Ke7 58. f5 Rd2+ 59. Ke5 Re2+ 60. Kf4 Nh3+ 61. Kg4 Nf2+ 62. Kg5 Nh3+ 63. Kh4 Ng1 64. Rxa5 Re3 65. Kg5 Rg3+ 66. Kf4 Ne2+ 67. Ke5 Re3+ $11 68. Kd5 Nxc3+ 69. Kd4 Rf3 70. Nd3 Ne2+ 71. Ke4 Rh3 72. Ra7+ Kf8 73. Ne5 Ng3+ 74. Kf4 Nxf5 75. Kxf5 Rh1 76. Kf6 Rf1+ 77. Ke6 Re1 78. Rf7+ Ke8 79. Rh7 Kd8 80. Rg7 Re2 81. Kd6 1/2-1/2

[Event "Chinese League Division-A 2024"]
[Site "Fuling Chongqing"]
[Date "2024.07.06"]
[Round "9.11"]
[White "Zeng, Chongsheng"]
[Black "Huang, Renjie"]
[Result "1/2-1/2"]
[ECO "B44"]
[WhiteElo "2578"]
[BlackElo "2480"]
[Annotator "TA"]
[PlyCount "64"]
[EventDate "2024.06.28"]
[EventType "team-tourn"]
[EventCountry "CHN"]
[SourceTitle "playchess.com"]
[Source "ChessBase"]
[SourceQuality "1"]
[TimeControl "40/5400+30:1800+30"]

1. e4 c5 2. Nf3 e6 3. c4 Nc6 4. d4 cxd4 5. Nxd4 Nf6 6. Nc3 Bc5 7. Nb3 Bb4 8. Bd3 Ne5 9. O-O O-O 10. Be2 d5 11. exd5 Bxc3 12. bxc3 {[%emt 0:00:06] Black should prevent f4.} exd5 13. cxd5 Nxd5 14. Qd2 Bg4 15. f3 Be6 16. f4 Nc6 17. f5 Bc8 18. Bf3 Nf6 19. Ba3 {[%emt 0:04:08] A strong pair of Bishops.} Re8 20. Qxd8 {[%emt 0:06:26] The position is equal.} Nxd8 21. Nd4 Bd7 {[%emt 0:00:40] Against Nb5} 22. c4 a6 23. Rab1 Rc8 24. Rfc1 Nc6 25. Nxc6 Bxc6 26. Bxc6 bxc6 27. Re1 h5 28. Be7 Rb8 29. Bxf6 {[%emt 0:02:06] [#] aiming for Rxb8.} Rxe1+ 30. Rxe1 gxf6 31. Re3 Rb4 32. Ra3 Rxc4 {[%emt 0:01:05] Weighted Error Value: White=0.02 (flawless) /Black=0.02 (flawless) .  OK:         	White=18    	Black=14     Best:        	---       	Black=2} 1/2-1/2

[Event "Chinese League Division-A 2024"]
[Site "Fuling Chongqing"]
[Date "2024.07.06"]
[Round "9.12"]
[White "Xiao, Tong"]
[Black "Liu, Yan"]
[Result "1/2-1/2"]
[ECO "D60"]
[WhiteElo "2518"]
[BlackElo "2573"]
[Annotator "TA"]
[PlyCount "61"]
[EventDate "2024.06.28"]
[EventType "team-tourn"]
[EventCountry "CHN"]
[SourceTitle "playchess.com"]
[Source "ChessBase"]
[SourceQuality "1"]
[TimeControl "40/5400+30:1800+30"]

1. d4 d5 2. c4 c6 3. Nc3 Nf6 4. Nf3 e6 5. Bg5 h6 6. Bh4 Be7 7. e3 O-O 8. Bd3 Nbd7 9. O-O dxc4 10. Bxc4 b5 11. Bd3 {[%emt 0:02:08] The position is equal.} Bb7 12. a3 a5 13. Qc2 b4 14. axb4 axb4 15. Na4 c5 16. Bxf6 (16. Nxc5 Nxc5 17. Bxf6 (17. dxc5 Qd5 $11) 17... gxf6 $11) 16... Nxf6 17. Nxc5 Bxf3 18. gxf3 Rc8 $1 19. f4 Nd7 20. Rfd1 Nxc5 21. dxc5 {[%emt 0:00:27] [#] aiming for Bh7+.} Qc7 $1 22. Rac1 Qxc5 23. Qxc5 Rxc5 24. Rxc5 Bxc5 $11 {[%emt 0:00:08][%mdl 4096] Endgame. KRB-KRB} 25. f5 exf5 26. Bxf5 g6 27. Be4 Re8 28. Bd5 Kg7 29. Kg2 Rd8 30. Bb3 Rxd1 31. Bxd1 {[%emt 0:00:39] An interesting draw.   Weighted Error Value: White=0.02 (flawless) /Black=0.00 (flawless) .  OK:         	White=8     	Black=12     Strong:       	---       	Black=2} 1/2-1/2

[Event "Chinese League Division-A 2024"]
[Site "Fuling Chongqing"]
[Date "2024.07.06"]
[Round "9.13"]
[White "Wang, Chen"]
[Black "Liu, Qingnan"]
[Result "1/2-1/2"]
[ECO "B51"]
[WhiteElo "2490"]
[BlackElo "2540"]
[Annotator "TA"]
[PlyCount "71"]
[EventDate "2024.06.28"]
[EventType "team-tourn"]
[EventCountry "CHN"]
[SourceTitle "playchess.com"]
[Source "ChessBase"]
[SourceQuality "1"]
[TimeControl "40/5400+30:1800+30"]

1. e4 c5 2. Nf3 d6 3. Bb5+ Nd7 4. Ba4 Ngf6 5. O-O e6 6. Re1 a6 {[%emt 0:00:11] [#] ...b5 would now be deadly.} 7. c4 Be7 8. Nc3 O-O 9. d4 cxd4 10. Nxd4 Ne5 11. Qe2 Qc7 12. Bb3 Re8 13. Kh1 b6 14. f4 Ng6 15. Ba4 (15. f5 $14 {feels stronger.} Ne5 16. Bf4) 15... Bd7 $11 16. f5 Ne5 (16... exf5 $5 17. Bxd7 Qxd7 $11) 17. Bxd7 Qxd7 18. Bf4 Rac8 19. c5 dxc5 20. Bxe5 {[%emt 0:07:47] [#] Hoping for fxe6.} (20. Nxe6 $2 Nd3 21. e5 Nxe1 (21... fxe6 22. fxe6 Qd4 23. exf6 $17) 22. exf6 Bxf6 23. Rxe1 fxe6 24. fxe6 Qc6 $19) 20... cxd4 21. fxe6 fxe6 22. Rad1 {[%emt 0:00:35] The position is equal.} Bc5 23. Bxd4 Bxd4 24. e5 Nd5 ({Not} 24... Rxc3 $2 25. bxc3 Nd5 26. Rxd4 $18 (26. cxd4 Nc3 $16)) 25. Rxd4 Nxc3 26. bxc3 Qb7 27. c4 Rc5 28. Rd6 Qc7 29. h3 Rxc4 30. Rxb6 Qxb6 31. Qxc4 {[%emt 0:00:01] KQR-KQR} Rd8 32. Kh2 h6 33. Rf1 Rd4 34. Qc8+ Rd8 35. Qc4 Rd4 36. Qc8+ {[%emt 0:00:19] Weighted Error Value: White=0.06 (flawless) /Black=0.05 (flawless) .  Mistake:       	White=1     	---        Inaccurate:     	White=2     	Black=3      OK:         	White=13    	Black=13     Best:        	White=2     	Black=4} 1/2-1/2

[Event "Chinese League Division-A 2024"]
[Site "Fuling Chongqing"]
[Date "2024.07.06"]
[Round "9.14"]
[White "Hou, Yifan"]
[Black "Huang, Qian"]
[Result "1-0"]
[ECO "B33"]
[WhiteElo "2632"]
[BlackElo "2396"]
[Annotator "RC"]
[PlyCount "99"]
[EventDate "2024.06.28"]
[EventType "team-tourn"]
[EventCountry "CHN"]
[SourceTitle "playchess.com"]
[Source "ChessBase"]
[SourceQuality "1"]
[TimeControl "40/5400+30:1800+30"]

1. e4 c5 2. Nf3 Nc6 3. d4 cxd4 4. Nxd4 Nf6 5. Nc3 e5 6. Ndb5 d6 7. Nd5 Nxd5 8. exd5 Nb8 9. a4 Be7 10. Bd2 a6 11. Na3 a5 12. Bb5+ Nd7 13. O-O O-O 14. Nc4 b6 15. Ra3 Nc5 16. Be3 Qc7 17. Re1 f5 18. Bxc5 bxc5 19. Rxe5 dxe5 20. d6 Bxd6 21. Qd5+ Qf7 22. Qxa8 Be6 23. Qc6 Bb8 24. Nxa5 Kh8 25. Qxc5 e4 26. Nc6 Rc8 27. Qd4 Bc7 28. a5 Qh5 29. h3 Qg5 30. a6 f4 31. Qxe4 Bd5 32. h4 Qh5 33. Qd4 Ra8 34. c4 Bxg2 35. Kxg2 Qxh4 36. Qd7 Qg5+ 37. Kf1 f3 38. Rxf3 Qc1+ 39. Kg2 Qg5+ 40. Kf1 Qc1+ 41. Kg2 Qg5+ 42. Rg3 Bxg3 43. fxg3 Rf8 44. Qd3 h5 45. Nd4 h4 46. Ne2 Qf6 47. Nf4 hxg3 48. Qxg3 Qxb2+ 49. Qf2 Qf6 50. Qh4+ 1-0